Unix NetHack Version 3.7.0-59 Work-in-progress - last build May 27 2022 13:05:58 (8500ec8471030ebd41fc3e2ff99709a52330cc4d,branch:master). Game began 2022-05-28 05:17:09, ended 2022-05-28 05:49:16. spontiff, neutral male gnomish Healer --- ---.----- |.......-- --........| ---- -- ---- |....---.-----..---.| |..| |..|.......|........| ---..-- --.|-.----..........| ---|.....| |.||.| --.^..--..-- --..|.--..| |.||.| --....--..| ------ |...|.||..| |^--.| |.........| --------- | |@...--|.....||.-- |....---|........-----.........| --....-|.|..--|.| --|......---.............---- -- |.....|.|--- |.| --.|.......||........------ ---....G| |.| ---..........|---.|.....| --...-- |.| |..........|)| ----....- |..-- |.---.---.....-|.-- |.....- ---- |.....| ---.---|..| ---..... --..---- --- |[.| |....... |...| ---- ---.--.... |...| -- --.- ----- -- Spontiff the Rhizotomist St:9 Dx:9 Co:15 In:9 Wi:16 Ch:18 Neutral S:266 Dlvl:6 $:1199 HP:29(40) Pw:5(5) AC:-1 Xp:1/4 T:3152 Latest messages: What do you want to write in the dust here? Never mind. What do you want to call? [bcf-ilvB-DGISTX or ?*] I Call an orange gem: o1 A trap door opens up under you! You fall down a shaft! #ffs shafted again: unknown extended command. You miss the gecko. The gecko bites! You stop. The dwarf is in the way! The gecko bites! You see here a pear. There is a pear here; eat it? [ynq] (n) y Core dumped. The kitten falls into a pit! The kitten is killed! A cave spider was hidden under a white gem! The cave spider bites! You kill the cave spider! #oh yay: unknown extended command. You see here a white gem. J - a white gem. What do you want to write with? [- kB-DIJS or ?*] J You write in the dust with a white gem. What do you want to write in the dust here? Never mind. What do you want to call? [bcf-ilvB-DGIJSTX or ?*] J Call a white gem: w1 The goblin throws a crude dagger! A crude dagger misses you. The hobbit suddenly falls asleep! The goblin hits! You kill the gecko! The goblin hits! You see here a crude dagger. The gecko misses! The goblin misses! The gecko misses! The goblin picks up a crude dagger. You see here a splint mail. The goblin throws a crude dagger! A crude dagger misses you. The hobbit shoots a rock! The rock hits the goblin. The goblin hits! #all that faffing to get back to the pet and I die of damn pi: unknown extended command. You swap places with the peaceful gnome. Really quit? (yes) [no] yes Do you want your possessions identified? [ynq] (y) y Do you want to see the dungeon overview? [ynq] (y) y Major events: Turn 1: spontiff the neutral male gnomish Healer entered the dungeon 1741: entered the Gnomish Mines 3152: quit Inventory: Coins $ - 1199 gold pieces Weapons k - an uncursed +0 elven dagger (alternate weapon; not wielded) Armor h - a blessed +2 orcish helm (being worn) g - an uncursed +1 pair of leather gloves (being worn) v - an uncursed +0 pair of iron shoes (being worn) i - an uncursed +0 dwarvish cloak G - an uncursed +0 dwarvish cloak q - an uncursed +0 robe (being worn) j - a cursed -3 elven mithril-coat d - an uncursed +0 leather armor (being worn) Comestibles y - an uncursed apple Scrolls l - a blessed scroll of teleportation T - an uncursed scroll of teleportation Spellbooks X - an uncursed spellbook of detect unseen Potions f - a blessed potion of booze b - an uncursed potion of enlightenment c - an uncursed potion of healing Wands S - a blessed wand of sleep (0:5) Tools s - an uncursed stethoscope Gems/Stones J - an uncursed fluorite stone C - an uncursed worthless piece of black glass B - an uncursed worthless piece of green glass I - 2 uncursed worthless pieces of orange glass D - 6 uncursed flint stones Spontiff the Healer's attributes: Background: You were a Rhizotomist, a level 1 male gnomish Healer. You were neutral, on a mission for Hermes who was opposed by Athena (lawful) and Poseidon (chaotic). You were in the Gnomish Mines, on level 6. You entered the dungeon 3152 turns ago. It was nighttime. You had 4 experience points, 16 more were needed to attain level 2. Your score was 266 before end-of-game adjustments. Basics: You had 29 out of 40 hit points. You had all 5 energy points (spell power). Your armor class was -1. Your wallet contained 1199 zorkmids. Autopickup was on for '$!/="?' plus thrown, with exceptions. Final Characteristics: Your strength was 9 (limit:18/50). Your dexterity was 9 (limit:18). Your constitution was 15 (limit:18). Your intelligence was 9 (limit:19). Your wisdom was 16 (limit:18). Your charisma was 18 (limit:18). Final Status: You were not hungry. You were unencumbered. You were empty handed. You were unskilled in bare handed combat. Final Attributes: You were fervently aligned. You were poison resistant. You had infravision. You were guarded. You survived. Miscellaneous: You never encountered a bones level. Total elapsed playing time was 32 minutes and 7 seconds. Vanquished creatures: a shrieker a kitten a dwarf a homunculus 2 hobbits a large kobold a giant rat a cave spider a gnome 3 geckos 5 jackals a fox 2 kobolds 3 goblins a sewer rat 5 grid bugs a bat 7 lichens 3 kobold zombies 8 newts 49 creatures vanquished. No species were genocided or became extinct. Voluntary challenges: You never hit with a wielded weapon. You read items or engraved 14 times. You engraved Elbereth 9 times. You never genocided any monsters. You never polymorphed an object. You never changed form. You used no wishes. Achievements: You entered a shop. You entered the Gnomish Mines. The Dungeons of Doom: levels 1 to 5 Level 1: Level 2: "Stash (unlocked)" An armor shop, an altar to Hermes, a fountain. Level 3: Stairs down to The Gnomish Mines. Level 4: A sink. Level 5: The Gnomish Mines: levels 4 to 6 Level 4: Level 6: <- You were here. Goodbye spontiff the Healer... You quit in The Gnomish Mines on dungeon level 6 with 266 points, and 1199 pieces of gold, after 3152 moves. You were level 1 with a maximum of 40 hit points when you quit.